 Dungeon Crawl Stone Soup version 0.28-a0-697-g47f3eba078 (webtiles) character file.

Game seed: 2232484132406501186

559 KoroneIsBestGirl the Chiller (level 7, -2/59 HPs)
             Began as an Ogre Ice Elementalist on Oct 24, 2021.
             Was a Priest of Nemelex Xobeh.
             Slain by a bullfrog zombie (6 damage)
             ... on level 5 of the Dungeon.
             The game lasted 00:07:03 (4986 turns).

KoroneIsBestGirl the Chiller (OgIE)                 Turns: 4986, Time: 00:07:04

Health: -2/59      AC:  3    Str: 12 (13) XL:     7   Next: 31%
Magic:  14/14      EV: 14    Int: 15 (18) God:    Nemelex Xobeh [***...]
Gold:   166        SH:  0    Dex:  7 (9)  Spells: 12/16 levels left

rFire   . . .      SeeInvis .   e - +0 dagger
rCold   . . .      Faith    .   (no shield)
rNeg    . . .      Spirit   .   a - +0 robe
rPois   +          Reflect  .   (helmet restricted)
rElec   .          Harm     .   (no cloak)
rCorr   .          Rampage  .   (gloves unavailable)
Will    .....                   (boots unavailable)
Stlth   +.........              (no amulet)
HPRegen 0.19/turn               j - +4 ring of evasion
MPRegen 0.14/turn               p - ring of poison resistance

@: no status effects
A: large, unfitting armour, tough skin 1
a: Renounce Religion, Draw Escape, Draw Destruction, Draw Summoning, Triple Draw


You were on level 5 of the Dungeon.
You worshipped Nemelex Xobeh.
Nemelex Xobeh was most pleased with you.
You visited 1 branch of the dungeon, and saw 5 of its levels.

You collected 166 gold pieces.

Inventory:

Hand Weapons
 d - a +0 club
 e - a +0 dagger (weapon)
Armour
 a - a +0 robe (worn)
Jewellery
 j - a +4 ring of evasion (left hand)
 p - a ring of poison resistance (right hand)
Wands
 u - a wand of flame (14)
Scrolls
 b - 2 scrolls of torment {unknown}
 f - a scroll of teleportation
 h - a scroll of summoning {unknown}
 l - a scroll of enchant armour {unknown}
 m - a scroll of vulnerability {unknown}
 o - 2 scrolls of blinking
 r - a scroll of acquirement {unknown}
Potions
 g - a potion of mutation {unknown}
 n - 2 potions of attraction
 q - a potion of degeneration
 s - a potion of curing {unknown}
 t - a potion of flight {unknown}


   Skills:
 + Level 4.2 Dodging
 - Level 1.4 Stealth
 + Level 5.3 Spellcasting
 + Level 5.4 Ice Magic


You had 12 spell levels left.
You knew the following spells:

 Your Spells              Type           Power      Damage    Failure   Level
a - Freeze                Ice            80%        1d9       1%          1
b - Frozen Ramparts       Ice            40%        1d6       5%          3

Your spell library contained the following spells:

 Spells                   Type           Power      Damage    Failure   Level
 Ozocubu's Armour         Ice            20%        N/A       5%          3
 Slow                     Hex            3%         N/A       24%         2
 Confusing Touch          Hex            3%         N/A       43%         3
 Gell's Gravitas          Tloc           1%         N/A       43%         3
 Teleport Other           Tloc           3%         N/A       43%         3
 Vampiric Draining        Necr           1%         2d6       43%         3
 Hailstorm                Conj/Ice       12%        3d5       45%         4
 Dispersal                Tloc           1%         N/A       100%        6


Dungeon Overview and Level Annotations

Branches:
Dungeon (5/15)
 Temple: D:4-7

Altars:
Nemelex Xobeh

Shops:
D:2 :   D:3 (


Innate Abilities, Weirdness & Mutations

You are too large for most types of armour.
You have tough skin. (AC +1)


Message History

Your +0 robe unmelds from your body.
The bullfrog zombie misses you. The centaur zombie closely misses you.
The centaur zombie kicks you but does no damage.
The bullfrog zombie hits you.
* * * LOW HITPOINT WARNING * * *
You hit the centaur zombie.
The centaur zombie is almost destroyed.
The centaur zombie hits you.
* * * LOW HITPOINT WARNING * * *
The centaur zombie completely misses you.
The bullfrog zombie hits you.
* * * LOW HITPOINT WARNING * * *
The centaur zombie misses you. The centaur zombie closely misses you.
The bullfrog zombie hits you.
* * * LOW HITPOINT WARNING * * *
The bullfrog zombie closely misses you. The bullfrog zombie closely misses you.
You hit the bullfrog zombie.
The bullfrog zombie is lightly damaged.
The bullfrog zombie misses you.
You hit the bullfrog zombie.
The bullfrog zombie is moderately damaged.
The bullfrog zombie hits you.
* * * LOW HITPOINT WARNING * * *
You hit the bullfrog zombie.
The bullfrog zombie is moderately damaged.
The bullfrog zombie barely misses you. x2
You closely miss the bullfrog zombie.
The bullfrog zombie is moderately damaged.
The bullfrog zombie hits you.
* * * LOW HITPOINT WARNING * * *
You hit the bullfrog zombie.
The bullfrog zombie is moderately damaged.
The bullfrog zombie hits you.
* * * LOW HITPOINT WARNING * * *
You closely miss the bullfrog zombie.
The bullfrog zombie is moderately damaged.
The bullfrog zombie hits you.
You die...
Your body glows with a rainbow of weird colours and disappears.

#...........##...##
###.....#### ##+##
#.###### .# #.#....#
.# #.#....#### #.##
#.........# ...##
#.#..Z..#.# ....#
#.##.####.##...#.#
.Z.#.....ZZ@....#
........###.###.##.#
..!..#### #.# #
.....## #.# ......
#.# ### ..# ###


You could see a bullfrog zombie and a centaur zombie.

Vanquished Creatures
  A sky beast (D:5)
  A hound (D:4)
  Jessica (D:3)
  Natasha (thrice) (D:3)
  An iguana (D:4)
  5 orc wizards
  A killer bee zombie (D:5)
  7 adders
  An ufetubus (D:5)
  3 dart slugs
  8 orcs
  6 bats
  9 endoplasms
  2 giant cockroaches (D:2)
  10 goblins
  6 hobgoblins (D:2)
  2 jackals (D:2)
  6 kobolds
  4 quokkas
  8 ball pythons
  2 frilled lizards
  5 rats
92 creatures vanquished.

Vanquished Creatures (others)
  A plant (D:1)
1 creature vanquished.

Grand Total: 93 creatures vanquished

Notes
Turn   | Place    | Note
-------+----------+-------------------------------------------
     0 | D:1      | KoroneIsBestGirl the Ogre Ice Elementalist began the quest
                  | for the Orb.
     0 | D:1      | Reached XP level 1. HP: 16/16 MP: 3/3
   181 | D:1      | Reached XP level 2. HP: 24/24 MP: 2/5
   908 | D:1      | Found a faded altar of an unknown god.
   948 | D:1      | Prayed at the altar of an unknown god.
   948 | D:1      | Became a worshipper of Nemelex Xobeh the Trickster
   948 | D:1      | Reached * piety under Nemelex Xobeh
  1207 | D:2      | Found Hull's Book Emporium.
  1210 | D:2      | Reached XP level 3. HP: 24/31 MP: 4/7
  1285 | D:2      | Learned a level 3 spell: Frozen Ramparts
  1369 | D:2      | Received a gift from Nemelex Xobeh
  1710 | D:2      | Reached XP level 4. HP: 37/39 MP: 5/9
  2310 | D:3      | Reached ** piety under Nemelex Xobeh
  2319 | D:3      | Noticed Natasha
  2325 | D:3      | Killed Natasha
  2483 | D:3      | Noticed Natasha
  2487 | D:3      | Killed Natasha
  2488 | D:3      | Reached XP level 5. HP: 44/45 MP: 4/10
  2628 | D:3      | Noticed Jessica
  2635 | D:3      | Killed Jessica
  2749 | D:3      | Noticed Natasha
  2755 | D:3      | Killed Natasha
  2833 | D:3      | Reached XP level 6. HP: 41/53 MP: 4/12
  2946 | D:3      | Found Terusch's Antique Weapon Shop.
  3825 | D:4      | Reached skill level 5 in Ice Magic
  4435 | D:4      | Received a gift from Nemelex Xobeh
  4553 | D:4      | Reached *** piety under Nemelex Xobeh
  4558 | D:4      | Reached skill level 5 in Spellcasting
  4558 | D:4      | Reached XP level 7. HP: 54/59 MP: 11/14
  4787 | D:5      | Entered Level 5 of the Dungeon
  4986 | D:5      | Slain by a bullfrog zombie

Illustrated notes

Levels and vault maps discovered:
D:1:      psy_arrival_dodecagon, layout_loops_cross, serial_bayou,
          serial_bayou_pond_e, serial_bayou_crossing, serial_bayou_pond_e,
          serial_bayou_lake_a, dreamdust_ecumenical_altar_grove,
          minmay_pentomino_w4
D:2:      layout_loops_ring, serial_shops, nicolae_shop_stone
D:3:      layout_loops_cross, serial_shops, nicolae_lakefront_shop,
          minmay_misc_feat_more_columns, uniq_jessica, uniq_natasha
D:4:      layout_basic, interstate_on_off, serial_bayou_ford_a,
          chequers_serial_rivers_micro_b
D:5:      layout_loops_corners, minmay_temple_entry_stoned_glass, serial_undead,
          serial_undead_a, serial_undead_b, serial_undead_a, serial_undead_d,
          nicolae_ossuary_entry_catacombs, uniq_duvessa, uniq_ijyb,
          uniq_menkaure

Skill      XL: |  1  2  3  4  5  6 |
---------------+-------------------+-----
Dodging        | 2 3 4 |  4.2
Spellcasting   | 3 4 5 |  5.3
Ice Magic      | 4 5 |  5.4
Stealth        | |  1.4

Action                   |  1- 3 |  4- 6 |  7- 9 || total
-------------------------+-------+-------+-------++-------
Melee: Unarmed           |     5 |       |       ||     5
       Dagger            |    25 |    17 |    61 ||   103
 Cast: Freeze            |    49 |    74 |     6 ||   129
       Frozen Ramparts   |     1 |     8 |     3 ||    12
  Use: Scroll            |       |     2 |       ||     2
       Potion            |       |       |     5 ||     5
 Stab: Sleeping          |     1 |       |       ||     1
Armor: Robe              |    16 |    11 |    18 ||    45
       Skin              |       |       |    85 ||    85
Dodge: Dodged            |    41 |    52 |    79 ||   172

Table legend: (Time is in decaauts)
 A = Elapsed time spent in this place.
 B = Non-inter-level travel time spent in this place.
 C = Inter-level travel time spent in this place.
 D = Time resting spent in this place.
 E = Time spent auto-exploring this place.
 F = Levels seen in this place.
 G = Mean time per level.
                   A        B        C        D        E       F      G
               +--------+--------+--------+--------+--------+-----+--------+
         Total |   5068 |   4918 |    150 |     35 |   4208 |   5 | 1013.6 |
       Dungeon |   5068 |   4918 |    150 |     35 |   4208 |   5 | 1013.6 |
               +--------+--------+--------+--------+--------+-----+--------+

Top non-repeatable levels by time:
     D:4: 1453 daAuts
     D:1: 1271 daAuts
     D:2: 1092 daAuts
     D:3: 1053 daAuts
     D:5: 198 daAuts
